 Dungeon Crawl Stone Soup version 0.24-a0-378-g94936e5 (webtiles) character file.

Game seed: 4299303830089458095

1773 stupendous the Blocker (level 9, -16/65 HPs)
             Began as a Formicid Fighter on June 1, 2019.
             Was a Priest of Okawaru.
             Demolished by Draznyth's ghost (27 damage)
             ... on level 5 of the Dungeon.
             The game lasted 00:08:49 (5655 turns).

stupendous the Blocker (Formicid Fighter)           Turns: 5655, Time: 00:08:49

Health: -16/65     AC:  7    Str: 20    XL:     9   Next: 28%
Magic:  0/12       EV:  9    Int:  9    God:    Okawaru [***...]
Gold:   17         SH: 12    Dex: 13    Spells: 8/8 levels left

rFire    . . .     SeeInvis +   a - +0 long sword
rCold    . . .     Gourm    .   c - +1 shield
rNeg     . . .     Faith    .   b - +0 scale mail
rPois    .         Spirit   .   (helmet unavailable)
rElec    .         Reflect  .   (no cloak)
rCorr    .         Harm     +   (no gloves)
MR       .....                  (no boots)
Stlth    ..........             w - amulet of harm
HPRegen  0.20/turn              (no ring)
MPRegen  0.13/turn              (no ring)

@: no status effects
A: permanent stasis, dig shafts and tunnels, four strong arms, antennae 3
a: Dig, Shaft Self, Heroism, Renounce Religion


You were on level 5 of the Dungeon.
You worshipped Okawaru.
Okawaru was most pleased with you.
You were not hungry.

You visited 1 branch of the dungeon, and saw 5 of its levels.

You collected 247 gold pieces.
You spent 230 gold pieces at shops.

Inventory:

Hand Weapons
 a - a +0 long sword (weapon)
 C - a +1 triple sword
Armour
 b - a +0 scale mail (worn)
 c - a +1 shield (worn)
Jewellery
 w - an amulet of harm (around neck)
Wands
 y - a wand of flame (13)
Scrolls
 g - 11 scrolls of identify
 j - a scroll of immolation
 m - a scroll of magic mapping
 q - a scroll of amnesia
Potions
 d - 3 potions of might
 e - 2 potions of haste
 h - a potion of curing {unknown}
 k - a potion of invisibility {unknown}
 n - 2 potions of agility {unknown}
 r - a potion of mutation {unknown}
 s - a potion of degeneration {unknown}
 u - a potion of brilliance {unknown}
 x - a potion of ambrosia {unknown}
 A - a potion of heal wounds {unknown}
Comestibles
 f - 13 rations
 i - a chunk of flesh


   Skills:
 - Level 4.0 Fighting
 * Level 8.2 Long Blades
 - Level 4.0 Armour
 + Level 8.6 Shields
 + Level 4.1 Invocations


You had 8 spell levels left.
You didn't know any spells.
Your spell library contained the following spells:

 Spells                   Type           Power        Failure   Level  Hunger
 Beastly Appendage        Tmut           #.....       77%         1    ##.....
 Sticks to Snakes         Tmut           #.......     88%         2    ###....
 Spider Form              Tmut/Pois      #.........   98%         3    ####...
 Ice Form                 Ice/Tmut       #.......     100%        4    #####..
 Blade Hands              Tmut           #.........   100%        5    ######.


Dungeon Overview and Level Annotations

Branches:
Dungeon (5/15)
 Temple: D:4-7

Altars:
Dithmenos
Okawaru
Qazlal
Sif Muna
Xom

Shops:
D:4 (

Annotations:
D:5 Draznyth's ghost, novice MiBe


Innate Abilities, Weirdness & Mutations

You cannot be hasted, slowed, berserked, paralysed or teleported.
You can dig through walls and to a lower floor.
Your four strong arms can wield two-handed weapons with a shield.
You have a pair of large antennae on your head. (SInv)


Message History

Draznyth's ghost is severely damaged.
Draznyth's ghost misses you.
You riposte.
You hit Draznyth's ghost.
Draznyth's ghost is almost destroyed.
You hit Draznyth's ghost.
Draznyth's ghost is almost destroyed.
Draznyth's ghost hits you!
You feel your power leaking away.
You barely miss Draznyth's ghost.
Draznyth's ghost is almost destroyed.
Draznyth's ghost hits you!!
* * * LOW HITPOINT WARNING * * *
You feel your power leaking away.
You hit Draznyth's ghost but do no damage.
Draznyth's ghost is almost destroyed.
Draznyth's ghost hits you.
* * * LOW HITPOINT WARNING * * *
You hit Draznyth's ghost.
Draznyth's ghost is almost destroyed.
Draznyth's ghost hits you!!
You die...

........##.♣.##.#
.......##.....#.#
#'######..###.'.##
######## #.#
#?.....'..#######......#
..#
#..###.K.{.............###
#.#
#.....#K########.......).
##### ##.♣.##K# #.........
....###### ###KW##
#......... #.......# ###@#
#......... #.......# ###
#......... #.......#
#......... #.......#
##......... #.......#
#.......... #.......#
#.######### #.......#
#.###### ....#####
#......#### #####
#..........


You could see Draznyth's ghost and 4 kobolds.

Vanquished Creatures
  Grinder (D:3)
  Sigmund (D:4)
  Eustachio (D:5)
  A water moccasin (D:5)
  A sky beast (D:5)
  An ogre (D:5)
  A centaur (D:5)
  A phantom (D:5)
  A big kobold (D:5)
  2 howler monkeys
  2 crimson imps (D:5)
  An orc priest (D:5)
  2 orc wizards (D:5)
  Jessica (D:2)
  A centaur skeleton (D:4)
  Ijyb (D:4)
  Natasha (D:3)
  Terence (D:2)
  An iguana (D:4)
  4 worker ants
  A howler monkey zombie (D:5)
  5 adders
  10 gnolls
  A shadow imp (D:5)
  An ooze (D:1)
  2 adder skeletons
  2 worms (D:2)
  A dart slug (D:1)
  5 leopard geckos
  14 orcs
  11 giant cockroaches
  4 hobgoblins
  6 jackals
  2 quokkas
  4 ball pythons
  8 bats
  A frilled lizard (D:1)
  7 goblins
  9 kobolds
  8 rats
128 creatures vanquished.

Vanquished Creatures (others)
  3 fungi (D:5)
  A plant (D:5)
4 creatures vanquished.

Grand Total: 132 creatures vanquished

Notes
Turn   | Place    | Note
-------+----------+-------------------------------------------
     0 | D:1      | stupendous the Formicid Fighter began the quest for the
                  | Orb.
     0 | D:1      | Reached XP level 1. HP: 18/18 MP: 1/1
    47 | D:1      | Reached XP level 2. HP: 24/24 MP: 2/2
   349 | D:1      | Reached XP level 3. HP: 29/29 MP: 3/3
   808 | D:2      | Noticed Jessica
   813 | D:2      | Reached XP level 4. HP: 17/37 MP: 4/4
   829 | D:2      | Killed Jessica
  1063 | D:2      | Reached XP level 5. HP: 42/42 MP: 5/5
  1251 | D:2      | Noticed a water elemental
  1253 | D:2      | Found a stormy altar of Qazlal.
  1254 | D:2      | Noticed an air elemental
  1254 | D:2      | Noticed a fire elemental
  1335 | D:2      | Noticed Terence
  1356 | D:2      | Killed Terence
  1356 | D:2      | Reached skill level 5 in Shields
  1809 | D:2      | Found a deep blue altar of Sif Muna.
  2151 | D:3      | Found an iron altar of Okawaru.
  2157 | D:3      | Became a worshipper of Warmaster Okawaru
  2173 | D:3      | Noticed Natasha
  2180 | D:3      | Killed Natasha
  2180 | D:3      | Reached XP level 6. HP: 48/48 MP: 6/6
  2479 | D:3      | Noticed Grinder
  2484 | D:3      | Killed Grinder
  2484 | D:3      | Reached * piety under Okawaru
  2484 | D:3      | Reached XP level 7. HP: 54/54 MP: 7/7
  2738 | D:4      | Reached skill level 5 in Long Blades
  2876 | D:4      | Found Gieqeat's Antique Weapon Shoppe.
  2997 | D:4      | Found a shadowy altar of Dithmenos.
  3153 | D:4      | Noticed Sigmund
  3297 | D:4      | Killed Sigmund
  3297 | D:4      | Reached XP level 8. HP: 19/60 MP: 8/8
  3574 | D:4      | Noticed Ijyb
  3588 | D:4      | Killed Ijyb
  3739 | D:5      | Entered Level 5 of the Dungeon
  3871 | D:5      | Reached skill level 1 in Invocations
  3896 | D:5      | Reached ** piety under Okawaru
  4476 | D:5      | Reached XP level 9. HP: 28/65 MP: 11/11
  4681 | D:5      | Found a runed translucent gate.
  4681 | D:5      | Found a runed translucent gate.
  4682 | D:5      | Identified the +4 dagger "Kaeses" {drain, +Blink MR++
                  | Str-5}
  4683 | D:5      | Found a runed translucent gate.
  4684 | D:5      | Noticed Draznyth's ghost (novice MiBe)
  4760 | D:5      | Noticed Eustachio
  4799 | D:5      | Killed Eustachio
  5124 | D:5      | Found a shimmering altar of Xom.
  5398 | D:4      | Bought a triple sword for 230 gold pieces
  5488 | D:5      | Reached *** piety under Okawaru
  5655 | D:5      | Demolished by Draznyth's ghost

Levels and vault maps discovered:
D:1:      wander_arrival_peaceful_grave, layout_basic, minmay_crystal_water
D:2:      layout_basic, lemuel_blue_sif_altar, nicolae_qazlal_style_of_elements,
          uniq_jessica, uniq_terence
D:3:      minmay_roachtagon, layout_basic, okawaru_metal_pillars_3,
          first_ration, uniq_natasha, uniq_grinder
D:4:      layout_cave_pools, nicolae_dithmenos_the_darkroom, serial_shops, shop,
          minmay_misc_feat_room, uniq_sigmund, uniq_ijyb
D:5:      layout_basic, basic_altar, gammafunk_ghost_nasty_kobolds,
          chequers_jeans, minmay_diced_spiral, uniq_eustachio

Skill      XL: |  1  2  3  4  5  6  7  8  9 |
---------------+----------------------------+-----
Shields        | 4 5 6 7 8 |  8.6
Fighting       | 4 |  4.0
Armour         | 4 |  4.0
Long Blades    | 3 4 6 7 8 |  8.2
Invocations    | 3 4 |  4.1

Action                   |  1- 3 |  4- 6 |  7- 9 || total
-------------------------+-------+-------+-------++-------
Melee: Long sword        |    66 |   204 |   312 ||   582
 Abil: Dig               |     2 |       |     7 ||     9
  Use: Scroll            |       |       |    10 ||    10
  Eat: Chunk             |       |     6 |    11 ||    17
Armor: Scale mail        |    37 |    94 |    78 ||   209
Dodge: Dodged            |    22 |    66 |    70 ||   158
Block: Shield            |    32 |   110 |   175 ||   317
       Rpst.: Long sword |     9 |    26 |    28 ||    63

Table legend:
 A = Non-vault XP
 B = Vault XP
 C = Vault XP percentage of total XP
 D = Non-vault monster count
 E = Vault monster count
 F = Vault count percentage of total count
                 A         B        C        D         E       F
            +---------+---------+-------+---------+---------+-------
      Total |    1568 |     965 |  38.1 |     109 |      19 |  14.8
            +---------+---------+-------+---------+---------+-------
        D:1 |      46 |       0 |   0.0 |      24 |       0 |   0.0
        D:2 |     105 |      73 |  41.0 |      22 |       2 |   8.3
        D:3 |      90 |     349 |  79.5 |      19 |      11 |  36.7
        D:4 |     256 |     241 |  48.5 |      12 |       2 |  14.3
        D:5 |    1071 |     302 |  22.0 |      32 |       4 |  11.1
            +---------+---------+-------+---------+---------+-------
